 Dungeon Crawl Stone Soup version 0.31.0-12-g77e489cdc1 (webtiles) character file.

Game seed: 1741442870432008446

1432 jimonade the Conjurer (level 8, -6/52 HPs)
             Began as a Human Conjurer on Mar 2, 2024.
             Mangled by a manticore (8 damage)
             ... on level 6 of the Dungeon.
             The game lasted 00:18:42 (4951 turns).

jimonade the Conjurer (Human Conjurer)              Turns: 4951, Time: 00:18:42

Health: -6/52      AC: 22    Str:  7    XL:     8   Next: 73%
Magic:  8/15       EV: 11    Int: 22    God:
Gold:   345        SH:  0    Dex: 11    Spells: 13/16 levels left

rFire   . . .        a - staff of conjuration
rCold   . . .        (no shield)
rNeg    + . .        s - +13 Cigotuvi's embrace {Corpsefed rMiasma ^Drain rN+}
rPois   .            E - +2 helmet
rElec   .            (no cloak)
rCorr   .            j - +2 pair of gloves
SInv    +            (no boots)
Will    .....        c - amulet of magic regeneration
Stlth   ++           w - ring of see invisible
HPRegen 0.28/turn    (no ring)
MPRegen 0.54/turn

%: no passive effects
@: very slightly contaminated
A: explore regen
a: no special abilities


You were on level 6 of the Dungeon.
You visited 1 branch of the dungeon, and saw 6 of its levels.
You also visited: Ossuary.

You collected 345 gold pieces.

Inventory:

Hand Weapons
 b - the +5 arbalest of the Fox {heavy, rCorr Int+2}
   (You took it off an orc on level 5 of the Dungeon)

   Int+2:     It affects your intelligence (+2).
   rCorr:     It protects you from acid and corrosion.
 A - the +5 Force Lance {heavy, knockback}
   (You found it on level 4 of the Dungeon)
Armour
 j - a +2 pair of gloves (worn)
 s - the +13 Cigotuvi's embrace (worn) {Corpsefed rMiasma ^Drain rN+}
   (You found it on level 3 of the Dungeon)

   Corpsefed: It gathers nearby corpses to temporarily increase the armour it
   provides.
   rMiasma:   It protects you from foul pestilence.
   rN+:       It protects you from negative energy.
   ^Drain:    It drains your maximum health when unequipped.
 E - a +2 helmet (worn)
 F - a +0 hat
Magical Staves
 a - a staff of conjuration (weapon)
Jewellery
 c - an amulet of magic regeneration (around neck)
 e - the amulet of Zigej {Reflect rElec rC++ Int-5 SH+5 Stlth+}
   (You acquired it on level 3 of the Dungeon)

   [amulet of reflection]

   Reflect:   It reflects blocked missile attacks.
   Int-5:     It affects your intelligence (-5).
   rC++:      It greatly protects you from cold.
   rElec:     It insulates you from electricity.
   SH+5:      It affects your SH (+5).
   Stlth+:    It makes you more stealthy.
 w - a ring of see invisible (left hand)
 y - an amulet of reflection
Wands
 D - a wand of paralysis (3)
Scrolls
 f - 2 scrolls of poison {unknown}
 g - a scroll of vulnerability
 h - 2 scrolls of amnesia {unknown}
 l - 4 scrolls of teleportation
 m - 3 scrolls of identify
 n - 2 scrolls of enchant armour {unknown}
 p - 2 scrolls of silence {unknown}
 q - 2 scrolls of fog {unknown}
 B - a scroll of noise {unknown}
 G - a scroll of immolation {unknown}
Potions
 d - a potion of brilliance {unknown}
 i - a potion of might {unknown}
 k - a potion of magic
 o - 3 potions of curing {unknown}
 r - 3 potions of lignification {unknown}
 t - a potion of resistance {unknown}
 u - a potion of degeneration {unknown}
 v - a potion of haste {unknown}
 x - 6 potions of enlightenment {unknown}
 z - a potion of attraction {unknown}
 C - a potion of berserk rage {unknown}


   Skills:
 - Level 2.0 Dodging
 - Level 2.0 Stealth
 + Level 4.8 Spellcasting
 * Level 7.8 Conjurations
 + Level 4.3 Translocations
 + Level 4.2 Alchemy


You had 13 spell levels left.
You knew the following spells:

 Your Spells              Type           Power      Damage    Failure   Level
a - Magic Dart            Conj           100%       1d8       1%          1
b - Searing Ray           Conj           100%       2d8       1%          2

Your spell library contained the following spells:

 Spells                   Type           Power      Damage    Failure   Level
 Shock                    Conj/Air       100%       1d9       3%          1
 Fulminant Prism          Conj/Alch      23%        3d12      13%         4
 Iskenderun's Mystic Bla  Conj/Tloc      48%        2d11      13%         4
 Swiftness                Air            5%         N/A       43%         3
 Ignite Poison            Fire/Alch      14%        N/A       54%         4
 Sticky Flame             Fire/Alch      14%        2d5       54%         4
 Airstrike                Air            2%         2d(1-17)  83%         4
 Ignition                 Fire           2%         3d3       100%        8


Dungeon Overview and Level Annotations

Branches:
Dungeon (6/15) Zot: 26610  Temple (0/1) D:4         Ossuary (visited)

Altars:
Cheibriados
Dithmenos
Makhleb
Nemelex Xobeh
Sif Muna
Trog
Uskayaw
Xom

Annotations:
D:4 1 runed translucent door, PaiMei's ghost, amateur DsNe


Innate Abilities, Weirdness & Mutations

You regain HP and MP as you explore.


Message History

The searing ray hits the sleepcap but does no damage.
The sleepcap is almost destroyed. (Press . to maintain the ray.)
The sleepcap releases spores at you but does no damage.
The searing ray hits the sleepcap!
You destroy the sleepcap!
A chunk of your corpse armour falls away.
Magic restored.
Your corpse armour falls away.
HP restored.
Found a stone staircase leading up.
You now have 345 gold pieces (gained 6).
There is a stone staircase leading up here.
Found a shadowy altar of Dithmenos.
Found a sparkling altar of Nemelex Xobeh.
Found a snail-covered altar of Cheibriados.
Found a burning altar of Makhleb.
Found a shimmering blue altar of Sif Muna.
Found a hide-covered altar of Uskayaw.
There is a burning altar of Makhleb here.
Found a bloodstained altar of Trog.
Found a hand axe.
Search for what [Enter for "."]? alt An orc comes into view.
It is wielding a +0 dagger.
The orc moves out of view.
An orc is nearby!
An orc is nearby!
You feel a surge of power!
The magic dart hits the orc.
The orc is almost dead.
The orc shouts!
You feel a surge of power!
The magic dart hits the orc.
You kill the orc!
The bodies of the dead rush to embrace you!
A manticore and an orc wizard come into view.
Casting: Magic Dart (safe; 1% risk of failure)
Confirm with . or Enter, or press ? or * to list all spells.
Aiming: Searing Ray (safe; 1% risk of failure)
Press: ? - help, Shift-Dir - straight line, f - manticore
Aim: a manticore (wandering, hasn't noticed you, 90% to hit)
You feel a surge of power!
You miscast Searing Ray.
You are very lightly contaminated with residual magic.
Nothing appears to happen.
An orc comes into view.
It is wielding a +0 mace and carrying a wand of paralysis.
Casting: Searing Ray (safe; 1% risk of failure)
Confirm with . or Enter, or press ? or * to list all spells.
Aiming: Searing Ray (safe; 1% risk of failure)
Press: ? - help, Shift-Dir - straight line, p - manticore You feel a surge of power!
The searing ray hits the manticore!
The manticore is moderately wounded. (Press . to maintain the ray.)
The orc shouts!
The manticore bites you!
The manticore claws you but does no damage.
The manticore claws you.
The searing ray hits the manticore.
The manticore is moderately wounded.
The manticore bites you.
The manticore claws you but does no damage. x2
The searing ray hits the manticore but does no damage.
The manticore is moderately wounded.
The manticore bites you!
* * * LOW HITPOINT WARNING * * *
The manticore claws you but does no damage.
The manticore claws you!
* * * LOW HITPOINT WARNING * * *
The orc wizard casts a spell at you.
The magic dart hits you but does no damage.
The searing ray hits the manticore!
The manticore is severely wounded.
You finish channelling your searing ray.
The manticore bites you but does no damage.
The manticore claws you but does no damage.
The manticore claws you.
* * * LOW HITPOINT WARNING * * *
An ice beast comes into view.
Casting: Searing Ray (safe; 1% risk of failure)
Confirm with . or Enter, or press ? or * to list all spells.
Aiming: Searing Ray (safe; 1% risk of failure)
Press: ? - help, Shift-Dir - straight line, f - orc
Aim: an orc, wielding a +0 mace, wearing a +0 chain mail and carrying a wand of paralysis (87% to hit)
You feel a surge of power!
The searing ray hits the orc wizard!
The orc wizard is almost dead.
The searing ray hits the orc!
You kill the orc! (Press . to maintain the ray.)
Your shell of carrion and bone grows thicker.
The manticore bites you but does no damage.
The manticore barely misses you. The manticore closely misses you.
The orc wizard mumbles some strange words.
The orc wizard flickers and vanishes for a moment.
You hear an angry hiss.
The searing ray hits the orc wizard!
You kill the orc wizard!
An adder comes into view.
The manticore barely misses you. x2; The manticore claws you.
* * * LOW HITPOINT WARNING * * *
An orc comes into view. It is wielding a +0 short sword.
The manticore bites you but does no damage.
The manticore claws you!
You die...

##.....##
#.......
########
#..o.... ....#
..S..... 8...#
.Y..... ....#
$ ###.# )# #.#
#.# ###.#
###.)# #...#
####.@H.#
#.###
####....##..#
..#
#####....####
..#
.####.....####
..#
......#####
... ...#### ..
...# . ...#
...#


You could see a manticore, an ice beast, an adder and an orc (wandering).

Vanquished Creatures
  Grinder (D:3)
  A water moccasin (D:6)
  An ogre (D:3)
  A weeping skull (Ossuary)
  A scorpion (D:5)
  5 water moccasin zombies (Ossuary)
  2 hounds (D:4)
  5 sleepcaps
  A gnoll bouda (D:5)
  A jelly (D:4)
  3 iguanas (D:5)
  An orc wizard (D:6)
  2 crocodile zombies (Ossuary)
  2 mummies (Ossuary)
  5 gnolls
  5 adders
  A white imp (D:5)
  7 adder zombies (Ossuary)
  A dart slug (D:2)
  A ribbon worm (D:2)
  11 orcs
  9 endoplasms
  3 giant cockroaches
  6 goblins
  8 hobgoblins
  4 jackals (D:2)
  5 quokkas
  5 ball pythons
  6 bats
  4 frilled lizards
  6 gnoll zombies (Ossuary)
  2 jackal zombies (Ossuary)
  5 kobolds
  4 orc zombies (Ossuary)
  7 rats
132 creatures vanquished.

Notes
Turn   | Place    | Note
-------+----------+-------------------------------------------
     0 | D:1      | jimonade the Human Conjurer began the quest for the Orb.
     0 | D:1      | Reached XP level 1. HP: 13/13 MP: 3/3
    59 | D:1      | Found a faded altar of an unknown god.
    87 | D:1      | Reached XP level 2. HP: 19/19 MP: 3/5
   298 | D:1      | Reached XP level 3. HP: 24/24 MP: 4/6
   468 | D:1      | Learned a level 2 spell: Searing Ray
   613 | D:2      | Found a shimmering altar of Xom.
   727 | D:2      | Reached XP level 4. HP: 28/30 MP: 3/8
  1308 | D:3      | Found the +4 Cigotuvi's embrace {Corpsefed rMiasma ^Drain
                  | rN+}
  1313 | D:3      | Reached skill level 1 in Translocations
  1349 | D:3      | Noticed Grinder
  1471 | D:3      | Paralysed by Grinder for 3 turns
  1477 | D:3      | Killed Grinder
  1478 | D:3      | Reached skill level 5 in Conjurations
  1478 | D:3      | Reached XP level 5. HP: 31/35 MP: 5/10
  1478 | D:3      | Reached XP level 6. HP: 37/41 MP: 5/11
  1884 | D:3      | Identified a scroll of acquirement
  1885 | D:3      | Acquired the amulet of Zigej {Reflect rElec rC++ Int-5 SH+5
                  | Stlth+}
  1963 | D:4      | Found the +5 Force Lance {heavy, knockback}
  1986 | D:4      | Found a staircase to the Ecumenical Temple.
  1993 | D:4      | Reached skill level 6 in Conjurations
  2016 | D:4      | Found a sand-covered staircase.
  2021 | Ossuary  | Entered an ossuary
  2049 | Ossuary  | Reached XP level 7. HP: 41/46 MP: 5/12
  2364 | Ossuary  | Reached XP level 8. HP: 46/52 MP: 6/14
  2576 | D:4      | Reached skill level 7 in Conjurations
  2592 | D:4      | Found a runed translucent door.
  3026 | D:4      | Noticed PaiMei's ghost (amateur DsNe)
  3049 | D:5      | Entered Level 5 of the Dungeon
  3291 | D:5      | Identified the +5 arbalest of the Fox {heavy, rCorr Int+2}
  4827 | D:6      | Found a shadowy altar of Dithmenos.
  4828 | D:6      | Found a sparkling altar of Nemelex Xobeh.
  4835 | D:6      | Found a snail-covered altar of Cheibriados.
  4837 | D:6      | Found a burning altar of Makhleb.
  4838 | D:6      | Found a shimmering blue altar of Sif Muna.
  4840 | D:6      | Found a hide-covered altar of Uskayaw.
  4844 | D:6      | Found a bloodstained altar of Trog.
  4943 | D:6      | Noticed a manticore
  4950 | D:6      | HP: 2/52 [manticore (3)]
  4951 | D:6      | Mangled by a manticore

Illustrated notes

Levels and vault maps discovered:
D:1:      dpeg_arrival_prison, layout_rooms, basic_ecumenical_altar,
          amcnicky_mini_pool_small, minmay_misc_feat_iff
D:2:      layout_loops_ring, basic_altar, minmay_pentomino_z4
D:3:      layout_basic, minmay_misc_feat_cross, uniq_grinder
D:4:      layout_basic, minmay_temple_entry_crystal_x,
          ebering_ghost_reflecting_pool, enter_ossuary_5, grunt_ministairs_5
D:5:      layout_layer_cave, hellmonk_no_cap
D:6:      minmay_chambers_of_sixes, layout_cave_pods,
          nicolae_overflow_hallway_of_the_gods

Skill      XL: |  1  2  3  4  5  6  7  8 |
---------------+-------------------------+-----
Translocations | 2 3 4 |  4.3
Spellcasting   | 3 4 |  4.8
Conjurations   | 5 6 7 |  7.8
Alchemy        | 2 3 4 |  4.2
Dodging        | |  2.0
Stealth        | |  2.0

Action                     |  1- 3 |  4- 6 |  7- 9 || total
---------------------------+-------+-------+-------++-------
  Melee: Unarmed           |       |     6 |       ||     6
   Cast: Magic Dart        |    68 |    49 |    52 ||   169
         Searing Ray       |       |    11 |    42 ||    53
    Use: Scroll            |       |     6 |       ||     6
   Stab: Sleeping          |       |     1 |       ||     1
 Armour: Robe              |     6 |     4 |       ||    10
         Leather armour    |       |    15 |    59 ||    74
  Dodge: Dodged            |     5 |    21 |    38 ||    64
